 Dungeon Crawl Stone Soup version 0.23.0-3-gf3c87f2df8 (webtiles) character file.

Game seed: 8598516360647199496

32 LLavrengius the Insei (level 3, 0/24 HPs)
             Began as an Octopode Transmuter on Feb 20, 2019.
             Killed from afar by an orc wizard (9 damage)
             ... with a magic dart
             ... on level 1 of the Dungeon.
             The game lasted 00:02:14 (1094 turns).

LLavrengius the Insei (Octopode Transmuter)         Turns: 1094, Time: 00:02:14

Health: 0/24       AC:  1    Str:  7    XL:     3   Next: 25%
Magic:  6/6        EV: 13    Int: 16    God:
Gold:   21         SH:  0    Dex: 12    Spells: 5/6 levels left

rFire    . . .     SeeInvis .     - Unarmed
rCold    . . .     Gourm    .   (no shield)
rNeg     . . .     Faith    .   (helmet restricted)
rPois    .         Spirit   .   (no amulet)
rElec    .         Reflect  .   h - -2 ring of strength (curse)
rCorr    .         Harm     .   (no ring)
MR       .....                  (no ring)
Stlth    ++........             (no ring)
HPRegen  0.08/turn              (no ring)
MPRegen  0.10/turn              (no ring)
                                (no ring)
                                (no ring)

@: no status effects
A: almost no armour, stealthy swim, amphibious, 8 rings, constrict 8, camouflage
1, gelatinous body 1
a: no special abilities


You were on level 1 of the Dungeon.
You were not hungry.

You visited 1 branch of the dungeon, and saw 2 of its levels.

You collected 21 gold pieces.

Inventory:

Missiles
 a - 12 arrows
Jewellery
 h - a cursed -2 ring of strength (left tentacle)
Scrolls
 f - a scroll of identify {unknown}
 k - a scroll of amnesia {unknown}
 l - a scroll of remove curse {unknown}
Potions
 b - a potion of degeneration {unknown}
 d - a potion of resistance {unknown}
 e - a potion of lignification {unknown}
 g - 3 potions of agility {unknown}
 j - a potion of heal wounds {unknown}
Comestibles
 c - 3 rations
 i - a chunk of flesh


   Skills:
 + Level 2.2 Fighting
 - Level 2.0 Dodging
 - Level 3.0 Unarmed Combat
 - Level 2.0 Spellcasting
 + Level 2.9 Transmutations


You had 5 spell levels left.
You knew the following spells:

 Your Spells              Type           Power        Failure   Level  Hunger
a - Beastly Appendage     Tmut           ##....       6%          1    #......

Your spell library contained the following spells:

 Spells                   Type           Power        Failure   Level  Hunger
 Sticks to Snakes         Tmut           ##......     10%         2    ###....
 Spider Form              Tmut/Pois      #.........   34%         3    ###....
 Ice Form                 Ice/Tmut       #.......     75%         4    #####..
 Blade Hands              Tmut           ##........   87%         5    ######.


Dungeon Overview and Level Annotations

Branches:
Dungeon (2/15)

Altars:


Innate Abilities, Weirdness & Mutations

You cannot wear most types of armour.
You are very stealthy in the water. (Stealth+)
You are amphibious.
You can wear up to eight rings at the same time.
You can use your tentacles to constrict eight enemies at once.
Your skin changes colour to match your surroundings (Stealth+).
Your rubbery body absorbs attacks. (AC +1, EV +1)


Message History

Something hits you but does no damage.
You tentacle-slap the hobgoblin.
You kill the hobgoblin!
Something hits you.
A hobgoblin comes into view.
You see here a rat corpse.
Found a leather armour.
There is an escape hatch in the ceiling here.
Something hits you. A mysterious force pulls you upwards.
The hatch slams shut behind you.
Reactivating autopickup.
You start resting.
Eating one of 2 chunks of flesh.
You eat one of the 2 chunks of flesh.
This raw flesh tastes terrible.
Something barely misses you.
You start resting.
You hear some strange, mumbled words.
A magic dart appears from out of thin air!
Deactivating autopickup; reactivate with Ctrl-A.
The magic dart hits you!
You die...

...##.#..#.#........########.....
......#..#.#...†...........#.....
..#...#..#.###.............#.....
..#......#.###.............#.....
..##..........[............#.....
....##########.#############.....
.##.##.................## #.....
.##.#.#.......#.......#.# ######
.##.#..#.......#@....#..#
.##.#...#...#...#...#...#
.##.#....#...#...#.#....#
###.#.....#.#.#..[#.....# ####
..#.#......#...#...#....### #...
..#.#...#.#...<.#...#.....####...
..#......#.....#...#.#..#........
..+.#.....#...#...#.....######...
..###.....##.....##.....# #...


There were no monsters in sight!

Vanquished Creatures
  2 dart slugs (D:2)
  A leopard gecko (D:1)
  3 giant cockroaches
  5 goblins
  2 hobgoblins
  3 jackals (D:1)
  A bat (D:1)
  2 frilled lizards (D:2)
  3 kobolds
  3 rats
25 creatures vanquished.

Notes
Turn   | Place    | Note
-------+----------+-------------------------------------------
     0 | D:1      | LLavrengius the Octopode Transmuter began the quest for the
                  | Orb.
     0 | D:1      | Reached XP level 1. HP: 13/13 MP: 3/3
   120 | D:1      | Reached XP level 2. HP: 16/18 MP: 5/5
  1028 | D:2      | Reached XP level 3. HP: 22/24 MP: 6/6
  1094 | D:1      | Killed from afar by an orc wizard

Skill      XL: |  1  2 |
---------------+-------+-----
Fighting       | 2 |  2.2
Dodging        | |  2.0
Unarmed Combat | |  3.0
Spellcasting   | |  2.0
Transmutations | |  2.9

Action                   || total
-------------------------++-------
Melee: Unarmed           ||    55
       Constrict         ||    18
       Tentacles         ||    11
       Punch             ||     3
 Stab: Sleeping          ||     4
  Eat: Chunk             ||     1
Armor: Skin              ||     7
Dodge: Dodged            ||    43
